AoeStats
← Erickinio

Arabia

507775811Analyzed
1v1 RM · 13d ago on Sep 19, 2026· 39m 42s· 2 players
Game mode
Random Map
Map size
Tiny (2 player)
Population
200
Speed
Normal
Resources
Standard
Victory
Conquest
Starting age
Dark Age
Ending age
Imperial Age
RankedLock teamsTeams togetherTeam positionsShared explorationLock speedFull tech treeHidden civsTurbo modeCheats
Victory
Defeat
🇵🇱 Japanese · Poland
898
+15
🇦🇷 Celts · Argentina
866
-15
Erickinio
10:47 Feudal Age
9:02 Loom
11:28 Double-Bit Axe
21:44 Fletching
25:07 Castle Age
24:38 Man-at-Arms
25:04 Arson
25:31 Forging
25:35 Gambesons
25:53 Scale Mail Armor
25:54 Long Swordsman
26:59 Long Swordsman
29:14 Iron Casting
28:54 Chain Mail Armor
40:17 Bow Saw
xxxAJxxx
10:07 Feudal Age
17:51 Castle Age
19:49 Loom
24:45 Arson
27:11 Double-Bit Axe
27:08 Horse Collar
29:53 Forging
29:44 Scale Mail Armor
29:55 Gold Mining
31:04 Wheelbarrow
31:56 Murder Holes
33:06 Stone Mining
33:52 Gold Shaft Mining
38:24 Imperial Age
37:26 Hand Cart
40:12 Kataparuto
Connection lost

Rejoining the realm…

Still unreachable

The connection could not be restored.

Session expired

The server has moved on; the page needs a fresh start.